[Event "-chT Youth Countries 2019"]
[Site "Wuerzburg"]
[Date "2019.10.04"]
[Round "5.8"]
[White "Sens, Gerda"]
[Black "Haug, Mara"]
[Result "1-0"]
[ECO "C54"]
[WhiteElo "1291"]
[BlackElo "1508"]
[Annotator "NA"]
[PlyCount "115"]
[EventDate "2019.10.02"]
[EventType "team-tourn"]
[EventRounds "7"]
[EventCountry "GER"]
[SourceTitle "playchess.com"]
[Source "ChessBase"]
[SourceQuality "1"]
[WhiteTeam "Mecklenburg-Vorpommern"]
[BlackTeam "Baden 2"]
[TimeControl "40/5400+30:1800+30"]

1. e4 e5 2. Nf3 Nc6 3. Bc4 Bc5 4. c3 Nf6 5. d3 h6 6. O-O d6 7. Bb3 Bg4 8. h3 Bh5 9. Nbd2 Qd7 10. Re1 O-O-O 11. Nf1 g5 12. Ng3 g4 13. Nxh5 Nxh5 14. hxg4 Qxg4 15. Nh2 Qg6 16. Qg4+ Qxg4 17. Nxg4 Rh7 18. Be3 Rg8 19. Bxf7 Rxg4 20. Be6+ Kb8 21. Bxg4 Nf6 22. Bf5 Rh8 23. b4 Bxe3 24. Rxe3 d5 25. Rf3 a6 26. Be6 Nh5 27. Bxd5 Ne7 28. a4 Nf4 29. Ra3 Nexd5 30. exd5 Rg8 31. g3 Nxd5 32. Rf5 Nf4 33. Rxe5 Nxd3 34. Rh5 Rg6 35. b5 a5 36. Kf1 Rf6 37. Ra2 b6 38. Rd2 Nc5 39. Rd8+ Kb7 40. Rh4 Re6 41. Rh8 Ne4 42. R8xh6 Rxh6 43. Rxh6 Nxc3 44. g4 Nxa4 45. g5 Nc5 46. Rh4 a4 47. Rc4 a3 48. Rc1 Ne6 49. g6 Kc8 50. Ra1 Kd7 51. Rxa3 Ke7 52. Re3 Kf6 53. Rg3 Kg7 54. Re3 Kf6 55. f4 Ng7 56. Rc3 Ne6 57. Rc6 Ke7 58. g7 {[%emt 0:00:00] normal} 1-0

[Event "-chT Youth Countries 2019"]
[Site "Wuerzburg"]
[Date "2019.10.04"]
[Round "5.8"]
[White "Heinze, Sofie"]
[Black "Bako, Evelin"]
[Result "1-0"]
[ECO "A49"]
[WhiteElo "1207"]
[BlackElo "1209"]
[Annotator "NA"]
[PlyCount "75"]
[EventDate "2019.10.02"]
[EventType "team-tourn"]
[EventRounds "7"]
[EventCountry "GER"]
[SourceTitle "playchess.com"]
[Source "ChessBase"]
[SourceQuality "1"]
[WhiteTeam "Brandenburg/Berlin"]
[BlackTeam "Württemberg"]
[TimeControl "40/5400+30:1800+30"]

1. d4 Nf6 2. Nf3 g6 3. g3 c5 4. d5 b5 5. b3 Bb7 6. c4 bxc4 7. bxc4 Bg7 8. Nc3 O-O 9. Bg2 d6 10. O-O Nfd7 11. Bb2 f5 12. Ng5 Qa5 13. Qd2 Ne5 14. Qf4 Nf7 15. Qd2 Nxg5 16. Qxg5 Bxc3 17. Bxc3 Qxc3 18. Qxe7 Ba6 19. Qxd6 Qxc4 20. Qe6+ Kg7 21. Qe5+ Kh6 22. Qe3+ f4 23. Qe7 Rc8 24. Qh4+ Kg7 25. Qe7+ Kg8 26. Qe6+ Kf8 27. Qf6+ Ke8 28. Qe6+ Kd8 29. Qf6+ Kc7 30. d6+ Kb6 31. d7+ Kc7 32. dxc8=Q+ Kxc8 33. Bxa8 fxg3 34. hxg3 Qxe2 35. Rad1 Qe8 36. Rd6 Bxf1 37. Bc6 Qe1 38. Qd8# {normal} 1-0

[Event "-chT Youth Countries 2019"]
[Site "Wuerzburg"]
[Date "2019.10.05"]
[Round "6.2"]
[White "Schallner, Marc"]
[Black "Ratay, Meike"]
[Result "1-0"]
[ECO "B90"]
[WhiteElo "2027"]
[BlackElo "2032"]
[Annotator "NA"]
[PlyCount "57"]
[EventDate "2019.10.02"]
[EventType "team-tourn"]
[EventRounds "7"]
[EventCountry "GER"]
[SourceTitle "playchess.com"]
[Source "ChessBase"]
[SourceQuality "1"]
[WhiteTeam "Team Süd"]
[BlackTeam "Thüringen"]
[TimeControl "40/5400+30:1800+30"]

1. e4 c5 2. Nf3 d6 3. d4 Nf6 4. Nc3 cxd4 5. Nxd4 a6 6. Be3 e5 7. Nf3 Be7 8. Bc4 O-O 9. O-O Be6 10. Bxe6 fxe6 11. Na4 b5 12. Nb6 Ra7 13. Ng5 Qe8 14. Nxe6 Rf7 15. Nd5 Rd7 16. Nec7 Qc8 17. Nxf6+ Bxf6 18. Nd5 Qb7 19. a4 b4 20. c3 Nc6 21. Qd2 bxc3 22. bxc3 Bd8 23. Rab1 Qc8 24. Qd3 Ne7 25. Nb6 Bxb6 26. Rxb6 d5 27. Qxa6 Qxc3 28. Rb8+ Rf8 29. Qe6+ {[%emt 0:00:13] normal} 1-0

[Event "-chT Youth Countries 2019"]
[Site "Wuerzburg"]
[Date "2019.10.05"]
[Round "6.3"]
[White "Grund, Sebastian"]
[Black "Jakob, Georg"]
[Result "0-1"]
[ECO "E11"]
[WhiteElo "2054"]
[BlackElo "1952"]
[Annotator "NA"]
[PlyCount "80"]
[EventDate "2019.10.02"]
[EventType "team-tourn"]
[EventRounds "7"]
[EventCountry "GER"]
[SourceTitle "playchess.com"]
[Source "ChessBase"]
[SourceQuality "1"]
[WhiteTeam "Thüringen"]
[BlackTeam "Team Süd"]
[TimeControl "40/5400+30:1800+30"]

1. d4 Nf6 2. Nf3 e6 3. c4 Bb4+ 4. Bd2 c5 5. Bxb4 cxb4 6. g3 O-O 7. Bg2 d6 8. O-O Nc6 9. Nbd2 e5 10. d5 Nb8 11. Ne1 a5 12. Nd3 Na6 13. e4 Nd7 14. a3 Qb6 15. Kh1 Nf6 16. Nc5 Nxc5 17. f4 Nd3 18. Qe2 Nxb2 19. fxe5 dxe5 20. axb4 Qxb4 21. Rfb1 Qc3 22. Nf3 Nd3 23. Bf1 Bg4 24. Qe3 Nf2+ 25. Qxf2 Bxf3+ 26. Bg2 Bxg2+ 27. Qxg2 Qxc4 28. Rxb7 {[%emt 0:01:01] unterminated} Qd4 {[%emt 0:00:14] unterminated} 29. Rf1 Rab8 30. Rxb8 {[%emt 0:01:43] unterminated} Rxb8 31. Qf3 {[%emt 0:00:09] unterminated} Kh8 32. Rd1 Qa4 {[%emt 0:01:55] unterminated} 33. d6 Qd7 $19 34. Qa3 a4 35. Rc1 h6 36. Rd1 Qg4 37. Qd3 Rb3 38. Qd5 Qf3+ 39. Kg1 {[%emt 0:00:04] normal} Rb2 40. Qa8+ Kh7 {[%emt 0:00:02] normal} 0-1

[Event "-chT Youth Countries 2019"]
[Site "Wuerzburg"]
[Date "2019.10.05"]
[Round "6.3"]
[White "Popist, Florian"]
[Black "Wu, Leon"]
[Result "1/2-1/2"]
[ECO "C45"]
[WhiteElo "2019"]
[BlackElo "2009"]
[Annotator "NA"]
[PlyCount "42"]
[EventDate "2019.10.02"]
[EventType "team-tourn"]
[EventRounds "7"]
[EventCountry "GER"]
[SourceTitle "playchess.com"]
[Source "ChessBase"]
[SourceQuality "1"]
[WhiteTeam "Hamburg/Schleswig-Holstein"]
[BlackTeam "Baden 2"]
[TimeControl "40/5400+30:1800+30"]

1. e4 e5 2. Nf3 Nc6 3. d4 exd4 4. Nxd4 Bc5 5. Nxc6 Qf6 6. Qf3 bxc6 7. Nc3 Bd4 8. Bc4 d6 9. Bg5 Qxg5 10. Qxf7+ Kd8 11. Qf8+ Kd7 12. Bxg8 Qf6 13. Qxf6 gxf6 14. Bb3 Re8 15. f3 f5 16. Kd2 Bxc3+ 17. bxc3 fxe4 18. fxe4 Rxe4 19. Rae1 Rxe1 20. Rxe1 d5 21. c4 Kd6 {[%emt 0:00:36] normal} 1/2-1/2

[Event "-chT Youth Countries 2019"]
[Site "Wuerzburg"]
[Date "2019.10.05"]
[Round "6.4"]
[White "Bakiev, Diyor"]
[Black "Jacoby, Angelina"]
[Result "1-0"]
[ECO "B13"]
[WhiteElo "2088"]
[BlackElo "1635"]
[Annotator "NA"]
[PlyCount "87"]
[EventDate "2019.10.02"]
[EventType "team-tourn"]
[EventRounds "7"]
[EventCountry "GER"]
[SourceTitle "playchess.com"]
[Source "ChessBase"]
[SourceQuality "1"]
[WhiteTeam "Hessen"]
[BlackTeam "Brandenburg/Berlin"]
[TimeControl "40/5400+30:1800+30"]

1. e4 c6 2. d4 d5 3. exd5 cxd5 4. c4 Nf6 5. Nc3 Nc6 6. Bg5 dxc4 7. d5 Ne5 8. Qd4 {[%emt 0:00:42] unterminated} Nd3+ 9. Bxd3 cxd3 {[%emt 0:00:05] unterminated} 10. Qxd3 {[%emt 0:10:56] unterminated} Qb6 11. Nf3 g6 12. d6 Bf5 13. Qb5+ Qxb5 14. Nxb5 Nd5 15. Rd1 a6 16. Nc7+ Nxc7 17. dxc7 f6 {[%emt 0:01:49] unterminated} 18. Be3 e5 19. O-O {[%emt 0:01:08] unterminated} Bb4 {[%emt 0:06:28] unterminated} 20. Bb6 {[%emt 0:01:49] unterminated} Kf7 21. a3 {[%emt 0:00:36] unterminated} Be7 22. b4 {[%emt 0:02:29] unterminated} Be4 23. Nd2 Bc6 24. Rc1 Rac8 25. Nc4 Bb5 26. Rfd1 Bxc4 27. Rxc4 Ke6 28. a4 {[%emt 0:01:15] unterminated} Bd6 29. b5 {[%emt 0:00:13] unterminated} axb5 30. axb5 Ra8 $18 31. Be3 Rhc8 32. b6 Ra6 33. g3 g5 34. Kg2 h6 35. g4 Ra5 36. Rc3 Raa8 37. Rcd3 Be7 38. Rd5 Re8 39. Bc5 Bxc5 40. Rxc5 Ke7 41. Rcd5 Rec8 42. Rd7+ Ke8 43. Rh7 Kf8 44. Rd6 {[%emt 0:00:00] normal} 1-0

[Event "-chT Youth Countries 2019"]
[Site "Wuerzburg"]
[Date "2019.10.05"]
[Round "6.4"]
[White "Gutkin, Ilya"]
[Black "Boder, Jan"]
[Result "1/2-1/2"]
[ECO "A04"]
[WhiteElo "2047"]
[BlackElo "2087"]
[Annotator "NA"]
[PlyCount "124"]
[EventDate "2019.10.02"]
[EventType "team-tourn"]
[EventRounds "7"]
[EventCountry "GER"]
[SourceTitle "playchess.com"]
[Source "ChessBase"]
[SourceQuality "1"]
[WhiteTeam "Nordrhein-Westfalen"]
[BlackTeam "Rheinland-Pfalz"]
[TimeControl "40/5400+30:1800+30"]

1. Nf3 c5 2. b3 Nc6 3. Bb2 d5 4. e3 a6 5. d4 cxd4 {[%emt 0:00:15] unterminated} 6. exd4 Nf6 7. a3 g6 8. Bd3 Bg7 9. Nbd2 O-O 10. O-O {[%emt 0:00:35] unterminated} Nh5 {[%emt 0:06:48] unterminated} 11. Re1 {[%emt 0:08:52] unterminated} Nf4 {[%emt 0:04:32] unterminated} 12. Bf1 Bf5 {[%emt 0:02:14] unterminated} 13. Ne5 {[%emt 0:20:31] unterminated} Rc8 14. Rc1 {[%emt 0:00:15] unterminated} Nxe5 15. dxe5 {[%emt 0:00:06] unterminated} Bh6 {[%emt 0:00:19] unterminated} 16. Bd4 {[%emt 0:26:38] unterminated} Qa5 {[%emt 0:15:08] unterminated} 17. Be3 {[%emt 0:07:29] [#] unterminated} d4 $1 18. Bxf4 Bxf4 19. Nc4 Qd8 20. Nd2 Qc7 21. g3 Bxe5 22. Bd3 Be6 23. Qf3 Bg7 24. a4 Qd7 25. Nc4 Bxc4 26. Bxc4 e5 27. Re2 Kh8 28. Qg2 f5 29. f3 Bh6 30. Rd1 b5 31. axb5 axb5 32. Bd3 Be3+ {[%emt 0:00:09] unterminated} 33. Kh1 Qc6 {[%emt 0:00:10] unterminated} 34. g4 Rce8 35. Rf1 fxg4 36. Be4 Qe6 37. fxg4 Rxf1+ 38. Qxf1 Kg7 39. Rg2 {[%emt 0:02:16] unterminated} b4 40. Qb5 Rf8 {[%emt 0:00:18] unterminated} 41. Rg3 {[%emt 0:09:47] unterminated} Rf4 $17 42. Qb7+ Qf7 43. Qxf7+ Rxf7 44. Rf3 Bf4 45. Rf1 Ra7 46. Kg2 Kf6 47. h3 Ke6 48. Kf3 Rc7 49. Ra1 Kf6 50. h4 Kg7 51. Ra6 Rf7 52. Bd5 Rf8 53. Ra7+ Kh8 54. Ra8 Rxa8 55. Bxa8 Kg7 56. h5 gxh5 57. gxh5 Kf6 58. Kg4 Ke6 59. Be4 h6 60. Bd3 Kd5 61. Kf5 Kc5 62. Ke4 Kd6 {normal} 1/2-1/2

[Event "-chT Youth Countries 2019"]
[Site "Wuerzburg"]
[Date "2019.10.05"]
[Round "6.4"]
[White "Franke, Luca"]
[Black "Muller, Magnus"]
[Result "0-1"]
[ECO "E06"]
[WhiteElo "1872"]
[BlackElo "1478"]
[Annotator "NA"]
[PlyCount "50"]
[EventDate "2019.10.02"]
[EventType "team-tourn"]
[EventRounds "7"]
[EventCountry "GER"]
[SourceTitle "playchess.com"]
[Source "ChessBase"]
[SourceQuality "1"]
[WhiteTeam "Team Süd"]
[BlackTeam "Thüringen"]
[TimeControl "40/5400+30:1800+30"]

1. d4 Nf6 2. c4 e6 3. g3 d5 4. Nf3 Be7 5. Bg2 O-O 6. O-O dxc4 7. Qc2 c6 8. Qxc4 b5 9. Qc2 Bb7 10. Nbd2 Nbd7 11. Nb3 Qb6 12. Bd2 Rac8 13. Na5 c5 14. Nxb7 Qxb7 15. dxc5 Nxc5 16. b4 Nce4 17. Qb2 Nd5 18. Rac1 Nd6 19. Rfd1 Qb6 20. a3 Bf6 21. Qb3 Ne4 22. e3 Nxd2 23. Nxd2 Nc3 24. Re1 Ne2+ 25. Rxe2 Rxc1+ {[%emt 0:00:04] normal} 0-1

[Event "-chT Youth Countries 2019"]
[Site "Wuerzburg"]
[Date "2019.10.05"]
[Round "6.4"]
[White "Hecht, Jonas Christian"]
[Black "Ravina, David"]
[Result "1/2-1/2"]
[ECO "A17"]
[WhiteElo "1775"]
[BlackElo "2087"]
[Annotator "NA"]
[PlyCount "42"]
[EventDate "2019.10.02"]
[EventType "team-tourn"]
[EventRounds "7"]
[EventCountry "GER"]
[SourceTitle "playchess.com"]
[Source "ChessBase"]
[SourceQuality "1"]
[WhiteTeam "Baden 2"]
[BlackTeam "Hamburg/Schleswig-Holstein"]
[TimeControl "40/5400+30:1800+30"]

1. c4 Nf6 2. Nc3 e6 3. Nf3 d5 4. e3 c6 5. b3 Bd6 6. Be2 O-O 7. O-O Nbd7 8. Bb2 a6 9. d4 Ne4 10. cxd5 exd5 11. Nxe4 dxe4 12. Ne5 Re8 13. Bc4 Nxe5 14. dxe5 Bc5 15. Qh5 Qe7 16. e6 f6 17. Rad1 b5 18. Rd7 Bxd7 19. exd7+ bxc4 20. dxe8=Q+ Rxe8 21. bxc4 Rd8 {[%emt 0:05:36] normal} 1/2-1/2

[Event "-chT Youth Countries 2019"]
[Site "Wuerzburg"]
[Date "2019.10.05"]
[Round "6.5"]
[White "Nguyen, Ha Thanh"]
[Black "Lederer, Leia"]
[Result "1/2-1/2"]
[ECO "C50"]
[WhiteElo "1998"]
[BlackElo "1750"]
[Annotator "NA"]
[PlyCount "77"]
[EventDate "2019.10.02"]
[EventType "team-tourn"]
[EventRounds "7"]
[EventCountry "GER"]
[SourceTitle "playchess.com"]
[Source "ChessBase"]
[SourceQuality "1"]
[WhiteTeam "Thüringen"]
[BlackTeam "Team Süd"]
[TimeControl "40/5400+30:1800+30"]

1. e4 e5 2. Nf3 Nc6 3. Bc4 Nf6 4. d3 Bc5 5. c3 d6 6. Bb3 a6 7. Nbd2 Ba7 8. h3 h6 {[%emt 0:00:54] C54: Giuoco Piano: 4 c3 Nf6, main lines with 5 d4 and 5 d3} 9. Nf1 Qe7 (9... Be6 10. Ng3 Qd7 11. Qe2 Bxb3 12. axb3 Ne7 13. O-O Ng6 14. Nf5 O-O 15. Nh2 Qe6 16. b4 Ne7 17. Ng3 Ng6 18. Nf5 Ne7 19. Ng3 Ng6 20. Nf5 Ne7 {½-½ (20) Chigaev,M (2604)-Kovalev,V (2687) Wijk aan Zee 2019}) 10. Ne3 Bd7 $146 ({Predecessor:} 10... g6 11. Qe2 Bd7 12. g4 Na5 13. Bc2 O-O-O 14. b4 Nc6 15. a4 Nb8 16. Bd2 {1-0 (38) Von Herman,B (2062)-Sewald,K (2016) Bayerisch Eisenstein 2019}) 11. a4 g5 12. Bc2 Bxe3 13. Bxe3 d5 14. Qe2 g4 15. hxg4 Bxg4 16. Rxh6 Rxh6 17. Bxh6 O-O-O 18. O-O-O d4 {[%emt 0:02:59] unterminated} 19. c4 b5 {[%emt 0:04:22] unterminated} 20. axb5 axb5 {[%emt 0:00:09] unterminated} 21. cxb5 {[%emt 0:06:43] unterminated} Nb4 22. Bb3 {[%emt 0:03:50] unterminated} Qc5+ 23. Bc4 {[%emt 0:01:42] unterminated} Kb7 24. Bg5 {[%emt 0:03:34] unterminated} Rd6 {[%emt 0:05:30] unterminated} 25. Kd2 c6 {[%emt 0:01:14] unterminated} 26. Rc1 Qb6 {[%emt 0:00:24] unterminated} 27. bxc6+ ({But not} 27. Bxf7 $6 Qxb5 28. Rh1 Rd7 $18) 27... Rxc6 $18 28. Qd1 Qa5 29. Ke2 Qb6 30. Ra1 Rxc4 31. dxc4 Nxe4 32. Bh4 d3+ 33. Kf1 Qc5 34. b3 Nc3 35. Qd2 Ne4 36. Qd1 Nc3 37. Qd2 Ne4 38. Qd1 Nc3 39. Qd2 {normal} 1/2-1/2

[Event "-chT Youth Countries 2019"]
[Site "Wuerzburg"]
[Date "2019.10.05"]
[Round "6.5"]
[White "Reitz, Theresa"]
[Black "Muedder, Melanie"]
[Result "0-1"]
[ECO "B24"]
[WhiteElo "1935"]
[BlackElo "1964"]
[Annotator "NA"]
[PlyCount "41"]
[EventDate "2019.10.02"]
[EventType "team-tourn"]
[EventRounds "7"]
[EventCountry "GER"]
[SourceTitle "playchess.com"]
[Source "ChessBase"]
[SourceQuality "1"]
[WhiteTeam "Rheinland-Pfalz"]
[BlackTeam "Nordrhein-Westfalen"]
[TimeControl "40/5400+30:1800+30"]

1. e4 c5 2. Nc3 Nc6 3. Bb5 Nd4 4. Bc4 e6 5. Nge2 Nf6 6. O-O a6 7. a4 d5 8. exd5 exd5 9. Ba2 {[%emt 0:00:11] unterminated} Bg4 10. d3 {[%emt 0:01:06] unterminated} Qd7 11. f3 Be6 {[%emt 0:00:22] unterminated} 12. Bg5 {[%emt 0:08:26] unterminated} Nf5 {[%emt 0:12:15] unterminated} 13. Qe1 {[%emt 0:12:48] unterminated} O-O-O {[%emt 0:16:04] unterminated} 14. Nf4 {[%emt 0:06:22] unterminated} Re8 {[%emt 0:08:15] unterminated} 15. Qf2 {[%emt 0:05:38] unterminated} d4 {[%emt 0:08:42] unterminated} 16. Bxf6 {[%emt 0:07:34] unterminated} gxf6 $15 {[%emt 0:10:45] unterminated} ({Black should play} 16... Bxa2 $17 17. Bxd4 (17. Rxa2 gxf6 18. Ne4 Qc6 $17) 17... cxd4 18. Nxa2 Kb8) 17. Ncd5 Qd8 $1 {[%emt 0:00:30] unterminated} 18. c3 Bh6 19. Kh1 Bxd5 20. Nxd5 Re5 {[%emt 0:00:56] normal} 21. cxd4 {[%emt 0:08:08] normal} 0-1

[Event "-chT Youth Countries 2019"]
[Site "Wuerzburg"]
[Date "2019.10.05"]
[Round "6.5"]
[White "Kobald, Jacqueline"]
[Black "Moenster, Madita"]
[Result "0-1"]
[ECO "B60"]
[WhiteElo "1884"]
[BlackElo "1916"]
[Annotator "NA RC"]
[PlyCount "112"]
[EventDate "2019.10.02"]
[EventType "team-tourn"]
[EventRounds "7"]
[EventCountry "GER"]
[SourceTitle "playchess.com"]
[Source "ChessBase"]
[SourceQuality "1"]
[WhiteTeam "Württemberg"]
[BlackTeam "Niedersachsen"]
[TimeControl "40/5400+30:1800+30"]

1. e4 c5 2. Nf3 Nc6 3. d4 cxd4 4. Nxd4 Nf6 5. Nc3 d6 {[%emt 0:00:07] unterminated} 6. Bg5 Bd7 {[%emt 0:00:18] unterminated} 7. f4 {[%emt 0:03:49] unterminated} Qa5 {[%emt 0:03:15] unterminated} 8. Nb3 {[%emt 0:09:34] unterminated} Qb6 {[%emt 0:08:00] unterminated} 9. Qd2 Rc8 10. O-O-O Nb4 11. Bd3 Ng4 {[%emt 0:11:39] unterminated} 12. Bh4 {[%emt 0:05:45] unterminated} a5 13. Nd5 {[%emt 0:03:42] unterminated} Nxd5 14. exd5 a4 {[%emt 0:02:12] unterminated} 15. Na1 {[%emt 0:07:40] unterminated} a3 16. bxa3 {[%emt 0:01:56] unterminated} Qd4 17. Nb3 {[%emt 0:02:03] unterminated} Qxd5 {[%emt 0:00:59] unterminated} 18. Rde1 {[%emt 0:07:49] unterminated} Nf6 {[%emt 0:09:05] unterminated} 19. h3 {[%emt 0:03:58] unterminated} Qc6 20. g4 {[%emt 0:01:32] unterminated} Qa4 21. Qb4 Nd5 {[%emt 0:01:29] unterminated} 22. Qxa4 Bxa4 23. f5 {[%emt 0:01:36] unterminated} Nf4 24. Kd2 Ng2 25. Bg3 Nxe1 26. Rxe1 Kd7 27. Na5 {[%emt 0:00:59] unterminated} Rc7 (27... g6 $19 28. Bf4 b5) 28. Nc4 {[%emt 0:02:22] unterminated} Bc6 29. Nb6+ Kd8 {[%emt 0:00:37] unterminated} 30. c4 {[%emt 0:01:56] unterminated} (30. Bc4 $17) 30... Bg2 31. Nd5 {[%emt 0:02:01] [#]} Rc8 ({But not} 31... Bxh3 32. Nxc7 Kxc7 33. Bh4 $17) (31... Bxd5 $1 $19 32. cxd5 g6) 32. h4 {[%emt 0:00:56] [#]} (32. Bf2 $17) 32... g6 $2 (32... Ra8 $1 $19 {and Black stays clearly on top.} 33. Rb1 Rxa3 34. Rxb7 Rxa2+ 35. Kc3 Ra3+ 36. Kd2 e6 37. Rb8+ Kd7) 33. Rb1 e6 34. fxe6 fxe6 35. Nf4 Bc6 36. Nxe6+ Kd7 37. Nd4 Bg2 38. Nb5 Be7 39. g5 Rhf8 {[%emt 0:00:30] unterminated} 40. Be2 {[%emt 0:00:35] unterminated} Be4 {[%emt 0:00:29] unterminated} 41. Re1 {[%emt 0:09:08] unterminated} Bf5 {[%emt 0:04:22] unterminated} 42. Rd1 {[%emt 0:05:01] unterminated} Be6 {[%emt 0:04:04] unterminated} 43. Rc1 {[%emt 0:04:40] unterminated} d5 {[%emt 0:12:28] unterminated} 44. Nd4 {[%emt 0:04:06] unterminated} Bf5 45. Nxf5 gxf5 {[%emt 0:00:13] unterminated} 46. Bf4 (46. Rb1 $1 $11 Bd6 47. Rxb7+ Rc7 48. Bxd6 Kxd6 49. Rxc7 Kxc7 50. cxd5) 46... dxc4 $15 (46... Bd6 $17 47. Be3 dxc4 48. Rxc4 Bxa3 49. Rd4+ Ke7) 47. Rxc4 Rxc4 48. Bxc4 Bxa3 49. h5 Bc1+ 50. Kxc1 Rc8 51. Kd2 Rxc4 52. Ke3 Ra4 53. g6 hxg6 54. h6 Ra3+ 55. Kd4 Ke6 56. Bg5 Rxa2 {[%emt 0:02:59] normal} 0-1

[Event "-chT Youth Countries 2019"]
[Site "Wuerzburg"]
[Date "2019.10.05"]
[Round "6.5"]
[White "Hänselmann, Hendrik"]
[Black "Arnhold, Steffi"]
[Result "1/2-1/2"]
[ECO "B32"]
[WhiteElo "1732"]
[BlackElo "2042"]
[Annotator "NA"]
[PlyCount "56"]
[EventDate "2019.10.02"]
[EventType "team-tourn"]
[EventRounds "7"]
[EventCountry "GER"]
[SourceTitle "playchess.com"]
[Source "ChessBase"]
[SourceQuality "1"]
[WhiteTeam "Baden 1"]
[BlackTeam "Sachsen"]
[TimeControl "40/5400+30:1800+30"]

1. e4 c5 2. Nf3 Nc6 3. d4 cxd4 4. Nxd4 g6 5. Be2 Bg7 6. Nb3 Nf6 7. Nc3 d6 8. O-O O-O 9. Bg5 {[%emt 0:00:07] unterminated} Be6 10. Re1 {[%emt 0:00:49] unterminated} Rc8 11. Bf1 {[%emt 0:01:43] unterminated unterminated. B70: Sicilian Dragon: 6 g3 and 6 Be2 (without a later Be3)} a6 {[%emt 0:08:38] unterminated} (11... h6 12. Bf4 d5 13. exd5 Nxd5 14. Nxd5 Bxd5 15. c3 e5 16. Be3 b6 17. Qc1 Qh4 18. f3 Rfd8 {0-1 (52) Andriasian,Z (2585)-Nakamura,H (2781) chess.com INT 2018}) 12. Nd5 {[%emt 0:04:05] unterminated} Ne5 13. Bxf6 $146 {[%emt 0:02:37] unterminated} ({Predecessor:} 13. c3 Bg4 14. Qd2 Ned7 15. Nd4 Nxd5 16. exd5 Nf6 17. c4 Re8 18. h3 {1-0 (71) Quparadze,G (2500)-Erden,K (2213) Edirne 2013}) 13... exf6 14. c3 {[%emt 0:01:16] unterminated} Nc4 15. Bxc4 Rxc4 {[%emt 0:00:11] unterminated} 16. Qd3 b5 {[%emt 0:02:08] unterminated} 17. Rad1 {[%emt 0:02:57] unterminated} f5 18. exf5 Bxf5 {[%emt 0:00:08] unterminated} 19. Qg3 {[%emt 0:05:47] unterminated} Re4 {[%emt 0:08:23] unterminated} 20. Nd2 {[%emt 0:19:30] unterminated} Re6 $14 21. Nf3 Rfe8 22. Rxe6 Rxe6 23. Ng5 Re2 24. Ne3 Qe7 25. Qf3 Rxb2 26. Nxf5 gxf5 27. Qxf5 h6 {[%emt 0:01:29] normal} 28. Ne4 {[%emt 0:03:38] normal} Re2 1/2-1/2

[Event "-chT Youth Countries 2019"]
[Site "Wuerzburg"]
[Date "2019.10.05"]
[Round "6.5"]
[White "Fuhrmann, Bahne"]
[Black "Amato, Cristiano"]
[Result "0-1"]
[ECO "B33"]
[WhiteElo "1623"]
[BlackElo "1746"]
[Annotator "NA"]
[PlyCount "56"]
[EventDate "2019.10.02"]
[EventType "team-tourn"]
[EventRounds "7"]
[EventCountry "GER"]
[SourceTitle "playchess.com"]
[Source "ChessBase"]
[SourceQuality "1"]
[WhiteTeam "Hamburg/Schleswig-Holstein"]
[BlackTeam "Baden 2"]
[TimeControl "40/5400+30:1800+30"]

1. e4 c5 2. Nf3 Nc6 3. d4 cxd4 4. Nxd4 Nf6 5. Nc3 e6 6. Ndb5 Bb4 7. a3 Bxc3+ 8. Nxc3 d5 9. exd5 exd5 10. Bd3 O-O 11. O-O h6 12. f3 d4 13. Ne2 Re8 14. Bb5 Qb6 15. Bd3 Bf5 16. Kh1 Bxd3 17. Qxd3 Rad8 18. Ng3 Ne5 19. Qb3 Qxb3 20. cxb3 Nc6 21. Bd2 d3 22. Rac1 Nd4 23. Bc3 Nxb3 24. Bxf6 gxf6 25. Rcd1 Na5 26. Ne4 Kg7 27. Nc5 d2 28. Ne4 Nc4 {[%emt 0:00:43] normal} 0-1

[Event "-chT Youth Countries 2019"]
[Site "Wuerzburg"]
[Date "2019.10.05"]
[Round "6.6"]
[White "Yaghi, Rita"]
[Black "Grabs, Peter"]
[Result "1/2-1/2"]
[ECO "C15"]
[WhiteElo "1973"]
[BlackElo "1592"]
[Annotator "NA RC"]
[PlyCount "118"]
[EventDate "2019.10.02"]
[EventType "team-tourn"]
[EventRounds "7"]
[EventCountry "GER"]
[SourceTitle "playchess.com"]
[Source "ChessBase"]
[SourceQuality "1"]
[WhiteTeam "Hessen"]
[BlackTeam "Brandenburg/Berlin"]
[TimeControl "40/5400+30:1800+30"]

1. e4 e6 2. d4 d5 3. Nc3 Bb4 4. a3 Bxc3+ 5. bxc3 dxe4 6. Qg4 Nf6 7. Qxg7 Rg8 8. Qh6 Rg6 9. Qe3 Nc6 10. Ne2 {[%emt 0:01:01] C15: French: 3 Nc3 Bb4: Unusual White 4th moves} Ne7 11. Ng3 Ned5 12. Qd2 b6 13. c4 $146 ({Predecessor:} 13. Bb5+ Bd7 14. Be2 Bc6 15. c4 Ne7 16. a4 h5 17. h4 Qd7 {1-0 (39) Savchenko,B (2602)-Bajarani,U (2516) Canakkale 2016}) 13... Ne7 14. Be2 Bb7 15. Qc3 Qd7 16. Bb2 O-O-O 17. a4 Nc6 18. Rd1 Na5 19. Qa3 Ba6 20. Qb4 Nc6 21. Qc3 Na5 22. Qb4 Nc6 23. Qa3 Na5 24. Qa2 Qc6 25. d5 Bxc4 26. dxc6 Rxd1+ 27. Kxd1 Bxa2 28. h4 Ng4 29. Rf1 e3 30. Ne4 exf2 31. h5 Ne3+ 32. Kc1 Rxg2 33. Rxf2 Rxf2 34. Nxf2 Nxc6 35. Ne4 f5 36. Nf6 h6 37. Ng8 Ng4 38. Bg7 e5 39. Nxh6 Nxh6 40. Bxh6 Nd4 41. Ba6+ Kd7 42. Bg7 {[%emt 0:00:05] unterminated} Bg8 43. Bxe5 Nf3 44. Bf4 Bf7 45. h6 Bg6 {[%emt 0:00:00] unterminated} 46. c3 Bh7 47. Bb5+ {[%emt 0:00:00] unterminated} Kc8 {[%emt 0:00:00] unterminated} 48. Be2 Nh4 49. Kd2 Ng6 50. Bg5 Ne5 51. Ke3 Nf7 52. Bf4 Kd7 {[%emt 0:00:04] unterminated} 53. Kd4 c6 {[%emt 0:03:44] unterminated} 54. Bh5 $11 Ke6 55. Bf3 c5+ 56. Ke3 Ne5 57. Be2 Kd5 58. Bb5 Ng4+ 59. Kd3 Ne5+ {[%emt 0:00:23] normal Kd4+} 1/2-1/2